Map: Tours du crépuscule

Players

zidar - Winner!

  • Race: Zerg Zerg
  • League: Gold
  • Spawn Location: 1:00

DAJONNY

  • Race: Protoss Protoss
  • League: Gold
  • Spawn Location: 7:00

VOD

Have the link to the VOD?

Description

Time

  • Played on: June 5, 2016, 9:50 a.m.
  • Length: 4:57
Show
View Real Time Build Order
Export as new Build Order

zidar Zerg - Winner!

Build Orders: Pool First 

Get SALT Encoding   

  12  0:01  Drone  
  13  0:12  Overlord  
  13  0:17  Drone  
  14  0:30  Drone x2  
  14  0:34  Drone  
  17  0:49  Spawning Pool  
  16  0:51  Drone  
  17  1:14  Hatchery  
  16  1:19  Drone x2  
  18  1:32  Extractor  
  17  1:35  Queen  
  19  1:45  Zergling x2  
  19  1:46  Zergling x4  
  22  1:58  Overlord  
  22  2:17  Queen  
  24  2:40  Metabolic Boost  
  24  2:47  Zergling x10  
  29  3:01  Roach Warren  
  24  3:41  Zergling x18  
  31  4:10  Zergling x8  
  32  4:27  Drone x4  
Show
View Real Time Build Order
Export as new Build Order

DAJONNY Protoss 

Build Orders:  

Get SALT Encoding   

  12  0:01  Probe (Chrono Boost)  
  13  0:11  Probe (Chrono Boost)  
  14  0:17  Pylon  
  14  0:22  Probe (Chrono Boost)  
  15  0:36  Probe (Chrono Boost)  
  15  0:38  Gateway  
  16  0:43  Assimilator  
  16  0:46  Probe (Chrono Boost)  
  17  1:00  Probe (Chrono Boost)  
  18  1:05  Pylon  
  18  1:11  Probe (Chrono Boost)  
  19  1:21  Probe (Chrono Boost)  
  20  1:29  Cybernetics Core  
  20  1:32  Probe (Chrono Boost)  
  21  1:44  Probe (Chrono Boost)  
  22  2:01  Assimilator  
  22  2:05  Nexus, Warp Gate (Chrono Boost)  
  22  2:11  Probe (Chrono Boost)  
  23  2:19  Twilight Council  
  23  2:37  Pylon  
  23  2:40  Mothership Core (Chrono Boost)  
  23  2:43  Stalker  
  27  3:04  Probe  
  26  3:30  Probe  
  26  3:32  Probe  
  27  3:42  Probe  
  27  3:44  Pylon  
  27  3:45  Pylon  
  26  4:05  Stalker  
  25  4:28  Stalker  
  27  4:37  Pylon  
  27  4:40  Pylon  
Tags
 
Add a new tag
Caveats
  • Supply blocks, unpowered buildings, or Contaminate may cause inaccurate times.
  • Supply counts are checked every 10 seconds.